 Dungeon Crawl Stone Soup version 0.30.0-10-gfe55d96785 (webtiles) character file.

Game seed: 14838423024825217617

275 qw the Chopper (level 6, -5/37 HPs)
             Began as a Gargoyle Fighter on May 13, 2023.
             Slain by a gnoll
             ... wielding a +5 flail of protection
              (7 damage)
             ... on level 4 of the Dungeon.
             The game lasted 00:01:15 (2697 turns).

qw the Chopper (Gargoyle Fighter)                   Turns: 2697, Time: 00:01:16

Health: -5/37      AC: 17    Str: 21    XL:     6   Next: 25%
Magic:  6/6        EV:  8    Int:  9    God:
Gold:   156        SH:  5    Dex: 15    Spells: 5/5 levels left

rFire   . . .        Y - +1 war axe
rCold   . . .        c - +0 buckler
rNeg    + . .        f - +0 chain mail
rPois   inf          (no helmet)
rElec   +            (no cloak)
rCorr   .            (no gloves)
SInv    .            (no boots)
Will    .....        (no amulet) Stlth
                     e - +4 ring of protection
HPRegen 0.26/turn    g - +6 ring of dexterity
MPRegen 0.10/turn

%: no passive effects
@: about to teleport
A: sickness immunity, AC +4, negative energy resistance 1, electricity
resistance, torment resistance 1, petrification resistance
a: no special abilities


You were on level 4 of the Dungeon.
You visited 1 branch of the dungeon, and saw 4 of its levels.

You collected 156 gold pieces.


Innate Abilities, Weirdness & Mutations

You are immune to sickness and miasma.
Your stone body is resilient. (AC +4)
You are immune to poison.
You resist negative energy. (rN+)
You are resistant to electric shocks. (rElec)
You are resistant to unholy torment.
You are immune to petrification.


   Skills:
 - Level 3.2 Fighting
 + Level 4.8 Axes
 - Level 1.0 Throwing
 - Level 3.2 Armour
 - Level 2.3 Dodging
 - Level 3.2 Shields


You had 5 spell levels left.
You didn't know any spells.
Your spell library was empty.

Inventory:

Hand Weapons
 b - a +0 mace
 Y - a +1 war axe (weapon)
Missiles
 q - a javelin (quivered)
Armour
 c - a +0 buckler (worn)
 f - a +0 chain mail (worn)
Jewellery
 e - a +4 ring of protection (left hand)
 g - a +6 ring of dexterity (right hand)
Scrolls
 h - 2 scrolls of enchant armour
 k - a scroll of identify
Potions
 d - 2 potions of might
 j - 2 potions of curing
 l - a potion of attraction {unknown}
 m - a potion of heal wounds {unknown}
 n - a potion of degeneration {unknown}
 o - a potion of haste

Dungeon Overview and Level Annotations

Branches:
Dungeon (4/15)
 Temple: D:4-7

Altars:
Fedhas
Nemelex Xobeh
Trog
Yredelemnul

Annotations:
D:3 1 transporter


Message History

The gnoll hits you but does no damage.
You hit the gnoll bouda but do no damage.
The gnoll bouda is almost dead.
You closely miss the ogre. You barely miss the gnoll.
The gnoll is no longer moving quickly. x2; The ogre completely misses you.
The gnoll barely misses you. x2
The gnoll bouda barks out a call to the hunt!
The gnolls pick up the pace!
You block the gnoll's attack.
You hit the gnoll bouda.
You kill the gnoll bouda!
You slash the ogre! You hit the gnoll. The gnoll hits you but does no damage.
You block the ogre's attack. The gnoll hits you but does no damage.
The gnoll hits you from afar with a +0 spear.
You slash the gnoll!
You kill the gnoll!
You barely miss the ogre. You hit the gnoll but do no damage.
The gnoll is no longer moving quickly.
An orc comes into view. It is wielding a +0 mace.
You block the gnoll's attack.
The ogre hits you with a +0 giant spiked club!
The gnoll hits you but does no damage.
You barely miss the gnoll.
The gnoll is severely wounded.
You barely miss the gnoll. You hit the ogre.
Your attacks no longer feel as feeble.
The gnoll hits you with a +5 flail of protection.
You block the gnoll's attack. The gnoll hits you but does no damage.
The gnoll closely misses you. The gnoll hits you but does no damage.
The ogre hits you with a +0 giant spiked club!
The gnoll hits you with a +5 flail of protection!
The gnoll closely misses you.
2697 ||| READING scroll of teleportation.
As you read the scroll of teleportation, it crumbles to dust.
You feel strangely unstable. The gnoll closely misses you.
The gnoll hits you but does no damage.
An orc comes into view. It is wielding a +0 mace.
The gnoll hits you with a +5 flail of protection!
You die...

.........)........
~~~~~~~~....~~~~~~
~~~~~~~~....~~~~~~
~~~~~~~~....~~~~~~
............).....
########''''######
#######....#
+.....'....+
#######.@g.#
##Og##


gogg. .o...... ...)....... ....(......$ #####++###### You could see an ogre, 5
gnolls and 2 orcs.

Vanquished Creatures
  A phantom (D:4)
  A gnoll bouda (D:4)
  An iguana (D:4)
  2 gnolls (D:4)
  4 adders
  An ufetubus (D:4)
  2 worms (D:2)
  7 orcs (D:4)
  4 endoplasms
  4 giant cockroaches
  6 goblins
  10 hobgoblins
  6 jackals (D:4)
  A quokka (D:2)
  4 ball pythons
  5 bats
  4 frilled lizards
  4 kobolds
  6 rats
73 creatures vanquished.

Notes
Turn   | Place    | Note
-------+----------+-------------------------------------------
     0 | D:1      | qw the Gargoyle Fighter began the quest for the Orb.
     0 | D:1      | Reached XP level 1. HP: 14/14 MP: 1/1
     0 | D:1      | 0 ||| qw: Version: 0.2-a-92-gb77fa06
     0 | D:1      | 0 ||| qw: Game counter: 4
     0 | D:1      | 0 ||| qw: Always use a shield: true
     0 | D:1      | 0 ||| qw: God list: Okawaru
     0 | D:1      | 0 ||| qw: Allow faded altars: false
     0 | D:1      | 0 ||| qw: Do Orc after D:15 true
     0 | D:1      | 0 ||| qw: Do second Lair branch before Depths: true
     0 | D:1      | 0 ||| qw: Lair rune preference: random
     0 | D:1      | 0 ||| qw: Plans: Normal, Zot:1-4, God:TSO, Crypt, Tomb,
                  | Pan, Slime:5, Hells, Abyss, Win
     0 | D:1      | 0 ||| PLANNING D:1-11
   204 | D:1      | You fall into a shaft and drop 1 floor!
   217 | D:2      | Reached skill level 2 in Axes
   251 | D:2      | Reached XP level 2. HP: 6/19 MP: 2/2
   307 | D:2      | Found a faded altar of an unknown god.
   331 | D:2      | Reached skill level 3 in Axes
   331 | D:2      | Reached XP level 3. HP: 20/23 MP: 3/3
   341 | D:2      | 341 ||| UPGRADING to +0 chain mail.
   351 | D:2      | 351 ||| DROPPING +0 scale mail.
   352 | D:2      | 352 ||| UPGRADING to +4 ring of protection.
   353 | D:2      | 353 ||| READING scroll labelled CYIRCH BUGH.
   354 | D:2      | 354 ||| READING 3 scrolls labelled DEIGICOLEO.
   444 | D:2      | Found a basalt altar of Yredelemnul.
   445 | D:2      | 445 ||| READING scroll labelled AVUWKA PILET.
   463 | D:2      | 463 ||| READING scroll labelled YMOIQO TAOQ.
   464 | D:2      | 464 ||| READING scroll labelled UGEUTO GOKK.
   465 | D:2      | 465 ||| DRINKING 2 metallic white potions.
   466 | D:2      | 466 ||| DROPPING potion of brilliance.
   631 | D:2      | 631 ||| UPGRADING to +6 ring of dexterity.
   650 | D:2      | 650 ||| DROPPING +6 ring of intelligence.
   921 | D:1      | 921 ||| Stepping ~*~*~tactically~*~*~ (stealth).
   923 | D:1      | 923 ||| Stepping ~*~*~tactically~*~*~ (stealth).
  1108 | D:1      | 1108 ||| DROPPING ring of positive energy.
  1109 | D:1      | 1109 ||| READING scroll labelled ATEAPI BIHU.
  1232 | D:2      | 1232 ||| Stepping ~*~*~tactically~*~*~ (hiding).
  1378 | D:2      | Reached XP level 4. HP: 28/28 MP: 4/4
  1671 | D:3      | 1671 ||| Stepping ~*~*~tactically~*~*~ (stealth).
  1695 | D:3      | Found a sparkling altar of Nemelex Xobeh.
  1695 | D:3      | Found a transporter.
  1772 | D:3      | 1772 ||| Stepping ~*~*~tactically~*~*~ (stealth).
  1824 | D:3      | Found a blossoming altar of Fedhas.
  1829 | D:3      | Reached skill level 1 in Throwing
  1933 | D:3      | 1933 ||| Stepping ~*~*~tactically~*~*~ (stealth).
  2060 | D:3      | Reached skill level 4 in Axes
  2298 | D:3      | Found a bloodstained altar of Trog.
  2302 | D:3      | 2302 ||| DROPPING amulet of faith.
  2303 | D:3      | 2303 ||| READING scroll labelled BOUMMAUQEWK.
  2304 | D:3      | 2304 ||| READING scroll labelled ACARET SUNONA.
  2305 | D:3      | 2305 ||| DRINKING 3 fizzy cyan potions.
  2306 | D:3      | 2306 ||| DRINKING 2 orange potions.
  2307 | D:3      | 2307 ||| READING 2 scrolls of identify.
  2307 | D:3      | 2307 ||| IDENTIFYING lumpy amethyst potion
  2308 | D:3      | 2308 ||| DROPPING potion of magic.
  2398 | D:4      | Noticed a phantom
  2411 | D:4      | Killed a phantom
  2412 | D:4      | Reached XP level 5. HP: 31/32 MP: 5/5
  2585 | D:4      | 2585 ||| DROPPING +0 club.
  2611 | D:4      | 2611 ||| Stepping ~*~*~tactically~*~*~ (hiding).
  2627 | D:4      | Reached XP level 6. HP: 26/37 MP: 6/6
  2696 | D:4      | HP: 2/37 [gnoll/+5 flail of protection (10)]
  2697 | D:4      | 2697 ||| READING scroll of teleportation.
  2697 | D:4      | Slain by a gnoll

Levels and vault maps discovered:
D:1:      minmay_arrival_jagged, layout_loops_cross
D:2:      layout_loops_ring, nicolae_ecumenical_oubliette, basic_altar
D:3:      layout_loops_ring, fedhas_altar_1, trog_book, grunt_nemelex_the_gamble
D:4:      lemuel_castle_with_subvaults [lemuel_castle_interior_original],
          layout_basic, mainiacjoe_overflow_six_doors_small,
          minmay_temple_entry_gardened_gates, kennysheep_generic_room_8,
          uniq_menkaure, uniq_grinder

Skill      XL: |  1  2  3  4 |
---------------+-------------+-----
Axes           | 2 3 4 |  4.8
Throwing       | 1 |  1.0
Dodging        | 2 |  2.3
Fighting       | |  3.2
Armour         | |  3.2
Shields        | |  3.2

Action                     |  1- 3 |  4- 6 || total
---------------------------+-------+-------++-------
  Melee: War axe           |   107 |    85 ||   192
  Throw: Javelin           |     5 |    24 ||    29
    Use: Scroll            |     6 |     4 ||    10
         Potion            |     1 |     2 ||     3
 Armour: Scale mail        |    30 |       ||    30
         Chain mail        |    31 |    60 ||    91
  Dodge: Dodged            |    35 |    45 ||    80
  Block: Buckler           |    22 |    23 ||    45

Table legend:
 A = Non-vault XP
 B = Vault XP
 C = Vault XP percentage of total XP
 D = Non-vault monster count
 E = Vault monster count
 F = Vault count percentage of total count
                 A         B        C        D         E       F
            +---------+---------+-------+---------+---------+-------
      Total |     295 |      99 |  25.1 |      59 |      14 |  19.2
            +---------+---------+-------+---------+---------+-------
        D:1 |      17 |       0 |   0.0 |      12 |       0 |   0.0
        D:2 |      66 |       0 |   0.0 |      22 |       0 |   0.0
        D:3 |      56 |       0 |   0.0 |      18 |       0 |   0.0
        D:4 |     156 |      99 |  38.8 |       7 |      14 |  66.7
            +---------+---------+-------+---------+---------+-------
